Panthers vs Flames

Created - 10 janvier 2024 at 19:59

Goals
1 2 3 OT1 SO T
Panthers 0 0 1 0 1 2
Flames 1 0 0 0 0 1
Shots
1 2 3 OT1 SO T
Panthers 6 11 5 2 5 24
Flames 13 11 13 3 5 40

GoalsPenalties
1st period
1. Flames , Anthony Beauvillier 17 (Trevor Moore 16, Brendan Smith 4) at 18:25
Jamie Oleksiak (FLA) for Delaying the game (Minor) at 3:16
2nd period
No Goal
Marcus Foligno (FLA) for Roughing (Minor) at 5:55
Anthony Cirelli (FLA) for High sticking (Minor) at 15:15
Marcus Foligno (FLA) for Interference (Minor) at 18:09
3rd period
2. Panthers , Ross Colton 3 (Tyson Barrie 12) at 1:52
Overtime #1
No Goal
Shootout
Panthers, Ross Colton - Shot Misses the Net
Flames, Sam Reinhart - Shot Misses the Net
Panthers, Kevin Labanc - Shot Misses the Net
Flames, Trevor Moore - Shot Misses the Net
Panthers, Teuvo Teravainen - Shot Hit the Post
Flames, Pavel Zacha - Shot Misses the Net
Panthers, Anthony Cirelli - Shot Misses the Net
Flames, Ben Chiarot - Shot Hit the Post
Panthers, Rocco Grimaldi - Goal!
Flames, Caleb Jones - Shot Misses the Net
Goalie Stats
Antti Raanta (FLA), 39 saves from 40 shots - (0,975), W, 16-6-2, 65:00 minutes
Sergei Bobrovsky (CAL), 23 saves from 24 shots - (0,958), OTL, 14-9-3, 65:00 minutes
3 StarsOfficial
1 - Antti Raanta (FLA)
2 - Sergei Bobrovsky (CAL)
3 - Ross Colton (FLA)
Referees : Justin Kea and Sean MacFarlane
Linesman : Steven Walsh and Michel Cormier
Game Note
No Game Note
Finance
Level 1 -- Attendance: 5691 (94,85%) -- Ticket Income $569,100
Level 2 -- Attendance: 4803 (96,06%) -- Ticket Income $288,180
Level 3 -- Attendance: 1815 (90,75%) -- Ticket Income $63,525
Level 4 -- Attendance: 4000 (100,00%) -- Ticket Income $80,000
Luxury Box -- Attendance: 886 (88,60%) -- Ticket Income $177,200
Game was played at the Ghost Rider Center.
Total Attendance: 17195 (95,53%)
Total Ticket Income: $1,178,005
Other Income: $577,222
Total Income: $1,755,227



Team Name Goals Shots Shots Attemp Shots Blocked PIM HIT PP PK FO%
Panthers 22447178220 / 0 (0,00%050%
Flames 14085130180 / 4 (0%)050%

Panthers
Player Name POS G A P +/- PIM HIT SHT SB MP PP MP PP SHT PK MP PK SHT FO% FOT GA TA
Andrew PeekeD0000032221:070:0004:0000% 002
Anthony CirelliC/LW/RW0000222018:560:0002:4300% 100
Garnet HathawayC/LW/RW0000030216:050:0001:0300% 000
J.J. MoserD0000030118:230:0000:5500% 001
Jamie OleksiakD0000211421:470:0002:4300% 001
Jonas SiegenthalerD0000021118:120:0000:1800% 001
Joshua NorrisC0000012020:170:0004:01069% 1621
Kevin LabancLW/RW000001109:460:0000:2600% 000
Marcus FolignoLW0000411215:450:0000:0000% 100
Michael MathesonD0000004324:590:0003:5600% 001
Mike HoffmanC/RW0000001013:240:0000:00050% 210
Patrick BrownC/RW000000008:240:0000:0000% 301
Rocco GrimaldiC/LW/RW000001308:250:0000:0000% 000
Ross ColtonC/LW/RW1010012014:350:0000:00043% 1400
Taylor HallC/LW0000021015:520:0000:0000% 201
Teuvo TeravainenC/LW/RW0000001118:510:0003:58067% 320
Tyson BarrieD0110001120:580:0004:0000% 000
Vincent TrocheckC/LW/RW0000011021:140:0003:41055% 2200
Flames
Player Name POS G A P +/- PIM HIT SHT SB MP PP MP PP SHT PK MP PK SHT FO% FOT GA TA
Anthony BeauvillierC/LW/RW1011006020:273:3300:0000% 120
Ben ChiarotD000-1001018:320:0000:0000% 000
Blake LizotteC0000011011:350:0000:00044% 900
Brendan SmithD0111001214:380:0000:0000% 001
Caleb JonesD000-1012320:163:0400:0000% 000
Drew DoughtyD0000014026:144:5210:0000% 010
Erik BrannstromD0001001017:123:0400:0000% 001
Evgeny KuznetsovC/LW/RW000-1013023:274:2300:00046% 2401
Kiefer SherwoodLW/RW000001008:150:0000:0000% 000
Mark JankowskiC/LW000000118:150:0000:000100% 320
Nick BjugstadC/RW0001022114:410:0000:00057% 1400
Noah GregorC/LW/RW000003318:150:0000:000100% 100
Pavel ZachaC/LW000-1011024:274:2300:0000% 100
Ryan DonatoC/LW0000003015:583:3300:00050% 220
Sam ReinhartC/RW000-1014023:404:2310:00044% 911
Trevor MooreC/LW/RW0111013218:553:3300:0000% 000
Tyson JostC/LW/RW0000031112:050:0000:0000% 010
Victor HedmanD0000023228:084:5210:0000% 001

Panthers

5 vs 5 Forward
Line #Left WingCenterRight WingPHYDFOFWanted %Time %Time Play
1Taylor HallVincent TrocheckTeuvo Teravainen0233029%15:08
2Anthony CirelliJoshua NorrisMike Hoffman0233028%14:31
3Marcus FolignoRoss ColtonGarnet Hathaway0233028%14:35
4Kevin LabancPatrick BrownRocco Grimaldi0231015%7:50
5 vs 5 Defense
Line #DefenseDefensePHYDFOFWanted %Time %Time Play
1Michael MathesonAndrew Peeke0233232%16:29
2Jamie OleksiakTyson Barrie0233233%17:15
3J.J. MoserJonas Siegenthaler0233132%16:41
4Michael MathesonAndrew Peeke03253%1:39
Power Play Forward
Line #Left WingCenterRight WingPHYDFOFWanted %Time %Time Play
1Taylor HallVincent TrocheckAnthony Cirelli023500%0:00
2Teuvo TeravainenJoshua NorrisMike Hoffman023500%0:00
Power Play Defense
Line #DefenseDefensePHYDFOFWanted %Time %Time Play
1Michael MathesonJamie Oleksiak023500%0:00
2Tyson BarrieAndrew Peeke023500%0:00
Penalty Kill 4 Players Forward
Line #CenterWingPHYDFOFWanted %Time %Time Play
1Vincent TrocheckAnthony Cirelli0235049%3:55
2Joshua NorrisTeuvo Teravainen0235051%4:01
Penalty Kill 4 Players Defense
Line #DefenseDefensePHYDFOFWanted %Time %Time Play
1Michael MathesonJamie Oleksiak0325050%3:56
2Tyson BarrieAndrew Peeke0325050%4:00
Penalty Kill 3 Players
Line #WingPHYDFOFWanted %Time %Time PlayDefenseDefensePHYDFOFWanted %Time %Time Play
1Vincent Trocheck023500%0:00 Michael MathesonJamie Oleksiak032500%0:00
2Anthony Cirelli023500%0:00 Tyson BarrieAndrew Peeke032500%0:00
4 vs 4 Forward
Line #CenterWingPHYDFOFWanted %Time %Time Play
1Vincent TrocheckTaylor Hall023500%0:00
2Joshua NorrisAnthony Cirelli023500%0:00
4 vs 4 Defense
Line #DefensePHYDFOFWanted %Time %Time Play
1Michael MathesonJamie Oleksiak023500%0:00
2Tyson BarrieAndrew Peeke032500%0:00
Last Minutes Offensive
Left WingCenterRight WingDefenseDefense
Taylor HallVincent TrocheckAnthony CirelliMichael MathesonJamie Oleksiak
Last Minutes Defensive
Left WingCenterRight WingDefenseDefense
Taylor HallJoshua NorrisTeuvo TeravainenMichael MathesonJamie Oleksiak
Time
Total ForwardTotal DefenseLast Minutes OffensiveLast Minutes Defensive
60:00 60:00 0:000:00
Extra Forwards
Normal PowerPlayPenalty Kill
Marcus Foligno, Kevin Labanc, Rocco GrimaldiPatrick Brown, Ross ColtonGarnet Hathaway
Extra Defensemen
Normal PowerPlayPenalty Kill
Jamie Oleksiak, Jonas Siegenthaler, Tyson BarrieJonas Siegenthaler, J.J. MoserJonas Siegenthaler
Penalty Shots
Ross Colton, Kevin Labanc, Teuvo Teravainen, Anthony Cirelli, Rocco Grimaldi
Goalie
Antti Raanta, Kevin Lankinen
Custom OT Lines Forwards
Vincent Trocheck, Joshua Norris, Taylor Hall, Anthony Cirelli, Teuvo Teravainen, Marcus Foligno, Mike Hoffman, Patrick Brown, Kevin Labanc, Rocco Grimaldi
Custom OT Lines Defensemen
Michael Matheson, Jamie Oleksiak, Tyson Barrie, J.J. Moser, Andrew Peeke
Scratches
Josh Archibald (Healthy), Ville Husso (Healthy)

Flames

5 vs 5 Forward
Line #Left WingCenterRight WingPHYDFOFWanted %Time %Time Play
1Pavel ZachaEvgeny KuznetsovSam Reinhart0143533%17:13
2Anthony BeauvillierNick BjugstadTrevor Moore0233029%15:01
3Ryan DonatoBlake LizotteTyson Jost0232222%11:35
4Noah GregorMark JankowskiKiefer Sherwood2211316%8:15
5 vs 5 Defense
Line #DefenseDefensePHYDFOFWanted %Time %Time Play
1Victor HedmanDrew Doughty0233637%19:07
2Ben ChiarotCaleb Jones0233438%19:50
3Brendan SmithErik Brannstrom0322625%12:56
4Erik BrannstromBen Chiarot03240%0:11
Power Play Forward
Line #Left WingCenterRight WingPHYDFOFWanted %Time %Time Play
1Pavel ZachaEvgeny KuznetsovSam Reinhart0056055%4:23
2Trevor MooreRyan DonatoAnthony Beauvillier0054045%3:33
Power Play Defense
Line #DefenseDefensePHYDFOFWanted %Time %Time Play
1Victor HedmanDrew Doughty0146061%4:52
2Caleb JonesErik Brannstrom0144039%3:04
Penalty Kill 4 Players Forward
Line #CenterWingPHYDFOFWanted %Time %Time Play
1Nick BjugstadTyson Jost050600%0:00
2Blake LizotteMark Jankowski050400%0:00
Penalty Kill 4 Players Defense
Line #DefenseDefensePHYDFOFWanted %Time %Time Play
1Ben ChiarotBrendan Smith140600%0:00
2Erik BrannstromCaleb Jones140400%0:00
Penalty Kill 3 Players
Line #WingPHYDFOFWanted %Time %Time PlayDefenseDefensePHYDFOFWanted %Time %Time Play
1Nick Bjugstad050600%0:00 Brendan SmithBen Chiarot050600%0:00
2Mark Jankowski050400%0:00 Victor HedmanCaleb Jones050400%0:00
4 vs 4 Forward
Line #CenterWingPHYDFOFWanted %Time %Time Play
1Evgeny KuznetsovSam Reinhart014600%0:00
2Pavel ZachaAnthony Beauvillier023400%0:00
4 vs 4 Defense
Line #DefensePHYDFOFWanted %Time %Time Play
1Victor HedmanBen Chiarot023600%0:00
2Erik BrannstromCaleb Jones032400%0:00
Last Minutes Offensive
Left WingCenterRight WingDefenseDefense
Pavel ZachaEvgeny KuznetsovSam ReinhartVictor HedmanDrew Doughty
Last Minutes Defensive
Left WingCenterRight WingDefenseDefense
Mark JankowskiNick BjugstadTyson JostBen ChiarotBrendan Smith
Time
Total ForwardTotal DefenseLast Minutes OffensiveLast Minutes Defensive
60:00 60:00 0:000:00
Extra Forwards
Normal PowerPlayPenalty Kill
Sam Reinhart, Evgeny Kuznetsov, Pavel ZachaTrevor Moore, Nick BjugstadBlake Lizotte
Extra Defensemen
Normal PowerPlayPenalty Kill
Victor Hedman, Drew Doughty, Brendan SmithBen Chiarot, Erik BrannstromCaleb Jones
Penalty Shots
Sam Reinhart, Trevor Moore, Pavel Zacha, Ben Chiarot, Caleb Jones
Goalie
Sergei Bobrovsky, Petr Mrazek
Custom OT Lines Forwards
Sam Reinhart, Pavel Zacha, Evgeny Kuznetsov, Anthony Beauvillier, Trevor Moore, Ryan Donato, Nick Bjugstad, Blake Lizotte, Tyson Jost, Kiefer Sherwood
Custom OT Lines Defensemen
Victor Hedman, Drew Doughty, Erik Brannstrom, Ben Chiarot, Brendan Smith
Scratches
Austin Watson (Healthy), Radim Simek (Healthy), Alex Lyon (Healthy)


Play-by-Play

1st period


0:01 of 1st period - Sam Reinhart wins face-off versus Vincent Trocheck in neutral zone.
0:06 of 1st period - Slapshot by Pavel Zacha.
0:06 of 1st period - Shot Misses the Net.
0:47 of 1st period - Icing by Andrew Peeke.
0:48 of 1st period - Noah Gregor wins face-off versus Ross Colton in Panthers zone.
0:51 of 1st period - Wrist shot by Kiefer Sherwood.
0:51 of 1st period - Shot Blocked by Garnet Hathaway.
0:57 of 1st period - Snap shot by Michael Matheson.
0:57 of 1st period - Stopped by Sergei Bobrovsky without a rebound.
0:58 of 1st period - Blake Lizotte wins face-off versus Patrick Brown in Flames zone.
0:58 of 1st period - Blake Lizotte is hit by Kevin Labanc.
2:07 of 1st period - Wrist shot by Kevin Labanc.
2:07 of 1st period - Shot Misses the Net.
2:09 of 1st period - Slapshot by Rocco Grimaldi.
2:09 of 1st period - Shot Blocked by Brendan Smith.
2:11 of 1st period - Slapshot by Jamie Oleksiak.
2:11 of 1st period - Deflect By Kevin Labanc.
2:11 of 1st period - Stopped by Sergei Bobrovsky without a rebound.
2:12 of 1st period - Ross Colton wins face-off versus Blake Lizotte in Flames zone.
2:20 of 1st period - Off-side.
2:21 of 1st period - Ross Colton wins face-off versus Blake Lizotte in neutral zone.
3:02 of 1st period - Slapshot by Ryan Donato.
3:02 of 1st period - Stopped by Antti Raanta without a rebound.
3:03 of 1st period - Teuvo Teravainen wins face-off versus Nick Bjugstad in Panthers zone.
3:03 of 1st period - Teuvo Teravainen is hit by Nick Bjugstad.
3:16 of 1st period - Minor Penalty to Jamie Oleksiak for Delaying the game.
3:17 of 1st period - Vincent Trocheck wins face-off versus Evgeny Kuznetsov in Panthers zone.
5:16 of 1st period - Penalty to Jamie Oleksiak is over, Jamie Oleksiak is back on ice.
5:21 of 1st period - Michael Matheson is hit by Noah Gregor and loses puck.
5:26 of 1st period - Snap shot by Mark Jankowski.
5:26 of 1st period - Shot Misses the Net.
6:08 of 1st period - Ben Chiarot is hit by Garnet Hathaway and loses puck.
6:46 of 1st period - Jamie Oleksiak is hit by Sam Reinhart and loses puck.
7:26 of 1st period - Snap shot by Noah Gregor.
7:26 of 1st period - Stopped by Antti Raanta with a rebound.
7:28 of 1st period - Slapshot by Caleb Jones.
7:28 of 1st period - Shot Misses the Net.
7:30 of 1st period - Snap shot by Mark Jankowski.
7:30 of 1st period - Shot Blocked by Teuvo Teravainen.
9:19 of 1st period - Kiefer Sherwood is hit by J.J. Moser and loses puck.
9:26 of 1st period - Snap shot by Rocco Grimaldi.
9:26 of 1st period - Stopped by Sergei Bobrovsky without a rebound.
9:27 of 1st period - Mike Hoffman wins face-off versus Blake Lizotte in Flames zone.
9:44 of 1st period - Mike Hoffman is hit by Blake Lizotte and loses puck.
9:59 of 1st period - Snap shot by Anthony Beauvillier.
9:59 of 1st period - Stopped by Antti Raanta without a rebound.
10:00 of 1st period - Vincent Trocheck wins face-off versus Nick Bjugstad in Panthers zone.
10:06 of 1st period - Wrist shot by Taylor Hall.
10:06 of 1st period - Deflect By Nick Bjugstad.
10:06 of 1st period - Shot Misses the Net.
10:06 of 1st period - Puck is out of play.
10:07 of 1st period - Evgeny Kuznetsov wins face-off versus Teuvo Teravainen in Flames zone.
11:18 of 1st period - Snap shot by Ryan Donato.
11:18 of 1st period - Shot Misses the Net.
11:24 of 1st period - Snap shot by Ryan Donato.
11:24 of 1st period - Shot Misses the Net.
11:42 of 1st period - Snap shot by Rocco Grimaldi.
11:42 of 1st period - Stopped by Sergei Bobrovsky without a rebound.
11:43 of 1st period - Evgeny Kuznetsov wins face-off versus Patrick Brown in Flames zone.
11:52 of 1st period - Wrist shot by Sam Reinhart.
11:52 of 1st period - Stopped by Antti Raanta with a rebound.
11:54 of 1st period - Snap shot by Victor Hedman.
11:54 of 1st period - Deflect By Tyson Barrie.
11:54 of 1st period - Stopped by Antti Raanta with a rebound.
12:07 of 1st period - Icing by Jamie Oleksiak.
12:08 of 1st period - Joshua Norris wins face-off versus Nick Bjugstad in Panthers zone.
13:23 of 1st period - Snap shot by Mike Hoffman.
13:23 of 1st period - Shot Blocked by Victor Hedman.
13:25 of 1st period - Slapshot by Jonas Siegenthaler.
13:25 of 1st period - Shot Misses the Net.
14:06 of 1st period - Slapshot by Sam Reinhart.
14:06 of 1st period - Stopped by Antti Raanta with a rebound.
14:20 of 1st period - Snap shot by Teuvo Teravainen.
14:20 of 1st period - Shot Misses the Net.
14:38 of 1st period - Kiefer Sherwood is hit by Anthony Cirelli and loses puck.
15:01 of 1st period - Slapshot by Michael Matheson.
15:01 of 1st period - Stopped by Sergei Bobrovsky with a rebound.
15:03 of 1st period - Slapshot by Michael Matheson.
15:03 of 1st period - Stopped by Sergei Bobrovsky with a rebound.
15:05 of 1st period - Slapshot by Andrew Peeke.
15:05 of 1st period - Shot Blocked by Trevor Moore.
15:30 of 1st period - Off-side.
15:31 of 1st period - Vincent Trocheck wins face-off versus Evgeny Kuznetsov in neutral zone.
15:33 of 1st period - Off-side.
15:34 of 1st period - Vincent Trocheck wins face-off versus Evgeny Kuznetsov in neutral zone.
15:37 of 1st period - Erik Brannstrom is hit by J.J. Moser and loses puck.
16:21 of 1st period - Icing by Brendan Smith.
16:22 of 1st period - Nick Bjugstad wins face-off versus Ross Colton in Flames zone.
16:39 of 1st period - Wrist shot by Anthony Beauvillier.
16:39 of 1st period - Shot Blocked by Tyson Barrie.
16:41 of 1st period - Snap shot by Nick Bjugstad.
16:41 of 1st period - Stopped by Antti Raanta with a rebound.
16:43 of 1st period - Snap shot by Nick Bjugstad.
16:43 of 1st period - Stopped by Antti Raanta with a rebound.
16:45 of 1st period - Slapshot by Anthony Beauvillier.
16:45 of 1st period - Shot Misses the Net.
16:47 of 1st period - Snap shot by Brendan Smith.
16:47 of 1st period - Shot Misses the Net.
16:49 of 1st period - Wrist shot by Trevor Moore.
16:49 of 1st period - Stopped by Antti Raanta with a rebound.
16:51 of 1st period - Backhand shot by Anthony Beauvillier.
16:51 of 1st period - Shot Misses the Net.
16:53 of 1st period - Wrist shot by Anthony Beauvillier.
16:53 of 1st period - Shot Misses the Net.
16:55 of 1st period - Slapshot by Brendan Smith.
16:55 of 1st period - Shot Blocked by Jamie Oleksiak.
16:57 of 1st period - Slapshot by Brendan Smith.
16:57 of 1st period - Shot Misses the Net.
16:59 of 1st period - Slapshot by Anthony Beauvillier.
16:59 of 1st period - Shot Misses the Net.
17:01 of 1st period - Slapshot by Erik Brannstrom.
17:01 of 1st period - Shot Blocked by Garnet Hathaway.
17:03 of 1st period - Slapshot by Brendan Smith.
17:03 of 1st period - Stopped by Antti Raanta with a rebound.
17:09 of 1st period - Snap shot by Anthony Beauvillier.
17:09 of 1st period - Shot Blocked by Jamie Oleksiak.
17:11 of 1st period - Wrist shot by Trevor Moore.
17:11 of 1st period - Shot Misses the Net.
17:13 of 1st period - Snap shot by Anthony Beauvillier.
17:13 of 1st period - Shot Blocked by Jamie Oleksiak.
17:15 of 1st period - Snap shot by Anthony Beauvillier.
17:15 of 1st period - Stopped by Antti Raanta with a rebound.
17:17 of 1st period - Slapshot by Anthony Beauvillier.
17:17 of 1st period - Stopped by Antti Raanta with a rebound.
17:53 of 1st period - Wrist shot by Trevor Moore.
17:53 of 1st period - Shot Blocked by Jamie Oleksiak.
18:23 of 1st period - Snap shot by Trevor Moore.
18:23 of 1st period - Shot Misses the Net.
18:25 of 1st period - Wrist shot by Anthony Beauvillier.
18:25 of 1st period - Goal by Anthony Beauvillier - Panthers : 0 - Flames : 1.
18:26 of 1st period - Evgeny Kuznetsov wins face-off versus Vincent Trocheck in neutral zone.
18:52 of 1st period - Blake Lizotte is hit by Joshua Norris and loses puck.
19:50 of 1st period - Joshua Norris is hit by Tyson Jost and loses puck.
Goals for this period are 0 for Panthers vs 1 for Flames.
Shots for this period are 6 for Panthers vs 13 for Flames.

2nd period


0:01 of 2nd period - Sam Reinhart wins face-off versus Vincent Trocheck in neutral zone.
0:14 of 2nd period - Wrist shot by Vincent Trocheck.
0:14 of 2nd period - Shot Blocked by Caleb Jones.
0:16 of 2nd period - Snap shot by Taylor Hall.
0:16 of 2nd period - Stopped by Sergei Bobrovsky without a rebound.
0:17 of 2nd period - Nick Bjugstad wins face-off versus Joshua Norris in Flames zone.
0:17 of 2nd period - Nick Bjugstad is hit by Anthony Cirelli.
0:45 of 2nd period - Wrist shot by Pavel Zacha.
0:45 of 2nd period - Shot Misses the Net.
1:11 of 2nd period - Snap shot by Tyson Jost.
1:11 of 2nd period - Shot Misses the Net.
1:13 of 2nd period - Slapshot by Ben Chiarot.
1:13 of 2nd period - Shot Blocked by Michael Matheson.
1:27 of 2nd period - Snap shot by Rocco Grimaldi.
1:27 of 2nd period - Stopped by Sergei Bobrovsky without a rebound.
1:28 of 2nd period - Mark Jankowski wins face-off versus Patrick Brown in Flames zone.
3:02 of 2nd period - Snap shot by Ross Colton.
3:02 of 2nd period - Shot Blocked by Mark Jankowski.
3:04 of 2nd period - Slapshot by Tyson Barrie.
3:04 of 2nd period - Shot Blocked by Noah Gregor.
3:18 of 2nd period - J.J. Moser is hit by Pavel Zacha.
3:26 of 2nd period - Evgeny Kuznetsov is hit by Jonas Siegenthaler and loses puck.
3:57 of 2nd period - Icing by Drew Doughty.
3:58 of 2nd period - Ross Colton wins face-off versus Blake Lizotte in Flames zone.
3:59 of 2nd period - Wrist shot by Marcus Foligno.
3:59 of 2nd period - Deflect By Ross Colton.
3:59 of 2nd period - Stopped by Sergei Bobrovsky with a rebound.
4:09 of 2nd period - Slapshot by Victor Hedman.
4:09 of 2nd period - Deflect By Ryan Donato.
4:09 of 2nd period - Stopped by Antti Raanta with a rebound.
5:11 of 2nd period - Slapshot by Michael Matheson.
5:11 of 2nd period - Stopped by Sergei Bobrovsky without a rebound.
5:12 of 2nd period - Mark Jankowski wins face-off versus Joshua Norris in Flames zone.
5:44 of 2nd period - Backhand shot by Taylor Hall.
5:44 of 2nd period - Shot Misses the Net.
5:46 of 2nd period - Slapshot by Andrew Peeke.
5:46 of 2nd period - Stopped by Sergei Bobrovsky with a rebound.
5:55 of 2nd period - Minor Penalty to Marcus Foligno for Roughing.
5:56 of 2nd period - Vincent Trocheck wins face-off versus Evgeny Kuznetsov in Panthers zone.
6:10 of 2nd period - Wrist shot by Evgeny Kuznetsov.
6:10 of 2nd period - Deflect By Sam Reinhart.
6:10 of 2nd period - Shot Misses the Net.
6:10 of 2nd period - Puck is out of play.
6:11 of 2nd period - Vincent Trocheck wins face-off versus Evgeny Kuznetsov in Panthers zone.
6:46 of 2nd period - Drew Doughty is hit by Andrew Peeke.
7:55 of 2nd period - Penalty to Marcus Foligno is over, Marcus Foligno is back on ice.
8:07 of 2nd period - Kiefer Sherwood is hit by Rocco Grimaldi and loses puck.
8:11 of 2nd period - Icing by Victor Hedman.
8:12 of 2nd period - Mark Jankowski wins face-off versus Ross Colton in Flames zone.
8:19 of 2nd period - Snap shot by Mark Jankowski.
8:19 of 2nd period - Stopped by Antti Raanta without a rebound.
8:20 of 2nd period - Evgeny Kuznetsov wins face-off versus Ross Colton in Panthers zone.
8:29 of 2nd period - Snap shot by Evgeny Kuznetsov.
8:29 of 2nd period - Stopped by Antti Raanta with a rebound.
8:31 of 2nd period - Snap shot by Caleb Jones.
8:31 of 2nd period - Shot Misses the Net.
8:33 of 2nd period - Snap shot by Ben Chiarot.
8:33 of 2nd period - Shot Misses the Net.
8:35 of 2nd period - Slapshot by Ben Chiarot.
8:35 of 2nd period - Stopped by Antti Raanta with a rebound.
8:37 of 2nd period - Slapshot by Caleb Jones.
8:37 of 2nd period - Shot Misses the Net.
8:49 of 2nd period - Icing by Marcus Foligno.
8:50 of 2nd period - Ross Colton wins face-off versus Blake Lizotte in Panthers zone.
9:03 of 2nd period - Snap shot by Ryan Donato.
9:03 of 2nd period - Shot Misses the Net.
9:35 of 2nd period - Wrist shot by Anthony Beauvillier.
9:35 of 2nd period - Stopped by Antti Raanta with a rebound.
9:43 of 2nd period - Slapshot by Tyson Barrie.
9:43 of 2nd period - Shot Misses the Net.
9:45 of 2nd period - Slapshot by Jamie Oleksiak.
9:45 of 2nd period - Stopped by Sergei Bobrovsky without a rebound.
9:46 of 2nd period - Joshua Norris wins face-off versus Evgeny Kuznetsov in Flames zone.
9:47 of 2nd period - Snap shot by Mike Hoffman.
9:47 of 2nd period - Stopped by Sergei Bobrovsky without a rebound.
9:48 of 2nd period - Evgeny Kuznetsov wins face-off versus Anthony Cirelli in Flames zone.
10:18 of 2nd period - Wrist shot by Taylor Hall.
10:18 of 2nd period - Shot Blocked by Caleb Jones.
10:20 of 2nd period - Snap shot by Vincent Trocheck.
10:20 of 2nd period - Stopped by Sergei Bobrovsky with a rebound.
10:22 of 2nd period - Slapshot by Michael Matheson.
10:22 of 2nd period - Deflect By Teuvo Teravainen.
10:22 of 2nd period - Shot Blocked by Trevor Moore.
10:22 of 2nd period - Puck is out of play.
10:23 of 2nd period - Vincent Trocheck wins face-off versus Nick Bjugstad in Flames zone.
10:27 of 2nd period - Icing by Drew Doughty.
10:28 of 2nd period - Nick Bjugstad wins face-off versus Vincent Trocheck in Flames zone.
10:35 of 2nd period - Slapshot by Drew Doughty.
10:35 of 2nd period - Stopped by Antti Raanta without a rebound.
10:36 of 2nd period - Joshua Norris wins face-off versus Evgeny Kuznetsov in Panthers zone.
11:03 of 2nd period - Vincent Trocheck is hit by Caleb Jones and loses puck.
11:10 of 2nd period - Caleb Jones is hit by Jamie Oleksiak and loses puck.
11:25 of 2nd period - Icing by Tyson Jost.
11:26 of 2nd period - Blake Lizotte wins face-off versus Mike Hoffman in Flames zone.
11:26 of 2nd period - Blake Lizotte is hit by Jonas Siegenthaler.
12:09 of 2nd period - Snap shot by J.J. Moser.
12:09 of 2nd period - Deflect By Ross Colton.
12:09 of 2nd period - Shot Blocked by Caleb Jones.
12:09 of 2nd period - Puck is out of play.
12:10 of 2nd period - Ross Colton wins face-off versus Anthony Beauvillier in Flames zone.
12:37 of 2nd period - Garnet Hathaway is hit by Tyson Jost and loses puck.
12:44 of 2nd period - Snap shot by Andrew Peeke.
12:44 of 2nd period - Deflect By Drew Doughty.
12:44 of 2nd period - Stopped by Sergei Bobrovsky without a rebound.
12:45 of 2nd period - Evgeny Kuznetsov wins face-off versus Joshua Norris in Flames zone.
13:53 of 2nd period - Victor Hedman is hit by Garnet Hathaway and loses puck.
14:16 of 2nd period - Snap shot by Caleb Jones.
14:16 of 2nd period - Stopped by Antti Raanta without a rebound.
14:17 of 2nd period - Joshua Norris wins face-off versus Evgeny Kuznetsov in Panthers zone.
14:28 of 2nd period - Snap shot by Joshua Norris.
14:28 of 2nd period - Shot Misses the Net.
14:30 of 2nd period - Slapshot by Jonas Siegenthaler.
14:30 of 2nd period - Stopped by Sergei Bobrovsky with a rebound.
14:32 of 2nd period - Snap shot by Joshua Norris.
14:32 of 2nd period - Stopped by Sergei Bobrovsky without a rebound.
14:33 of 2nd period - Nick Bjugstad wins face-off versus Taylor Hall in Flames zone.
14:58 of 2nd period - Drew Doughty is hit by Andrew Peeke and loses puck.
15:15 of 2nd period - Minor Penalty to Anthony Cirelli for High sticking.
15:16 of 2nd period - Evgeny Kuznetsov wins face-off versus Vincent Trocheck in Panthers zone.
15:21 of 2nd period - Snap shot by Evgeny Kuznetsov.
15:21 of 2nd period - Deflect By Sam Reinhart.
15:21 of 2nd period - Stopped by Antti Raanta with a rebound.
17:15 of 2nd period - Penalty to Anthony Cirelli is over, Anthony Cirelli is back on ice.
17:25 of 2nd period - Kevin Labanc is hit by Kiefer Sherwood and loses puck.
17:41 of 2nd period - Slapshot by Anthony Cirelli.
17:41 of 2nd period - Shot Misses the Net.
17:47 of 2nd period - Anthony Cirelli is hit by Noah Gregor and loses puck.
18:04 of 2nd period - Snap shot by Kiefer Sherwood.
18:04 of 2nd period - Deflect By Mark Jankowski.
18:04 of 2nd period - Shot Misses the Net.
18:04 of 2nd period - Puck is out of play.
18:05 of 2nd period - Nick Bjugstad wins face-off versus Ross Colton in Panthers zone.
18:06 of 2nd period - Snap shot by Trevor Moore.
18:06 of 2nd period - Stopped by Antti Raanta without a rebound.
18:07 of 2nd period - Ross Colton wins face-off versus Evgeny Kuznetsov in Panthers zone.
18:09 of 2nd period - Minor Penalty to Marcus Foligno for Interference.
18:10 of 2nd period - Joshua Norris wins face-off versus Evgeny Kuznetsov in Panthers zone.
18:48 of 2nd period - Slapshot by Victor Hedman.
18:48 of 2nd period - Stopped by Antti Raanta with a rebound.
18:50 of 2nd period - Slapshot by Anthony Beauvillier.
18:50 of 2nd period - Shot Blocked by Andrew Peeke.
19:03 of 2nd period - Icing by Sam Reinhart.
19:04 of 2nd period - Ryan Donato wins face-off versus Joshua Norris in Flames zone.
19:37 of 2nd period - Slapshot by Drew Doughty.
19:37 of 2nd period - Stopped by Antti Raanta with a rebound.
Goals for this period are 0 for Panthers vs 0 for Flames.
Shots for this period are 11 for Panthers vs 11 for Flames.

3rd period


0:01 of 3rd period - Vincent Trocheck wins face-off versus Sam Reinhart in neutral zone.
0:09 of 3rd period - Penalty to Marcus Foligno is over, Marcus Foligno is back on ice.
0:12 of 3rd period - Snap shot by Evgeny Kuznetsov.
0:12 of 3rd period - Stopped by Antti Raanta with a rebound.
0:18 of 3rd period - Backhand shot by Tyson Barrie.
0:18 of 3rd period - Stopped by Sergei Bobrovsky with a rebound.
0:38 of 3rd period - Wrist shot by Rocco Grimaldi.
0:38 of 3rd period - Shot Blocked by Nick Bjugstad.
0:56 of 3rd period - Slapshot by J.J. Moser.
0:56 of 3rd period - Shot Blocked by Tyson Jost.
1:06 of 3rd period - Snap shot by Victor Hedman.
1:06 of 3rd period - Stopped by Antti Raanta with a rebound.
1:14 of 3rd period - Slapshot by Drew Doughty.
1:14 of 3rd period - Shot Blocked by J.J. Moser.
1:16 of 3rd period - Snap shot by Noah Gregor.
1:16 of 3rd period - Stopped by Antti Raanta with a rebound.
1:18 of 3rd period - Wrist shot by Noah Gregor.
1:18 of 3rd period - Shot Blocked by Jonas Siegenthaler.
1:33 of 3rd period - Backhand shot by Sam Reinhart.
1:33 of 3rd period - Shot Misses the Net.
1:39 of 3rd period - Caleb Jones is hit by J.J. Moser and loses puck.
1:52 of 3rd period - Snap shot by Ross Colton.
1:52 of 3rd period - Goal by Ross Colton - Panthers : 1 - Flames : 1.
1:53 of 3rd period - Joshua Norris wins face-off versus Evgeny Kuznetsov in neutral zone.
2:30 of 3rd period - Wrist shot by Anthony Beauvillier.
2:30 of 3rd period - Shot Blocked by Michael Matheson.
2:44 of 3rd period - Slapshot by Caleb Jones.
2:44 of 3rd period - Shot Blocked by Andrew Peeke.
2:46 of 3rd period - Slapshot by Noah Gregor.
2:46 of 3rd period - Shot Blocked by Michael Matheson.
2:48 of 3rd period - Slapshot by Caleb Jones.
2:48 of 3rd period - Stopped by Antti Raanta with a rebound.
3:28 of 3rd period - Snap shot by Anthony Cirelli.
3:28 of 3rd period - Stopped by Sergei Bobrovsky without a rebound.
3:29 of 3rd period - Joshua Norris wins face-off versus Sam Reinhart in Flames zone.
5:17 of 3rd period - Brendan Smith is hit by Taylor Hall and loses puck.
5:41 of 3rd period - Off-side.
5:42 of 3rd period - Joshua Norris wins face-off versus Nick Bjugstad in neutral zone.
6:18 of 3rd period - Off-side.
6:19 of 3rd period - Evgeny Kuznetsov wins face-off versus Ross Colton in neutral zone.
6:58 of 3rd period - Wrist shot by Mike Hoffman.
6:58 of 3rd period - Shot Misses the Net.
7:59 of 3rd period - Backhand shot by Evgeny Kuznetsov.
7:59 of 3rd period - Stopped by Antti Raanta with a rebound.
8:01 of 3rd period - Slapshot by Drew Doughty.
8:01 of 3rd period - Stopped by Antti Raanta with a rebound.
8:16 of 3rd period - Icing by Jonas Siegenthaler.
8:17 of 3rd period - Nick Bjugstad wins face-off versus Joshua Norris in Panthers zone.
8:50 of 3rd period - Off-side.
8:51 of 3rd period - Nick Bjugstad wins face-off versus Ross Colton in neutral zone.
8:57 of 3rd period - Off-side.
8:58 of 3rd period - Nick Bjugstad wins face-off versus Ross Colton in neutral zone.
9:01 of 3rd period - Garnet Hathaway is hit by Nick Bjugstad and loses puck.
9:24 of 3rd period - Wrist shot by Anthony Beauvillier.
9:24 of 3rd period - Shot Misses the Net.
9:26 of 3rd period - Slapshot by Erik Brannstrom.
9:26 of 3rd period - Deflect By Joshua Norris.
9:26 of 3rd period - Stopped by Antti Raanta without a rebound.
9:27 of 3rd period - Joshua Norris wins face-off versus Pavel Zacha in Panthers zone.
9:36 of 3rd period - Wrist shot by Joshua Norris.
9:36 of 3rd period - Stopped by Sergei Bobrovsky with a rebound.
9:43 of 3rd period - Icing by Caleb Jones.
9:44 of 3rd period - Evgeny Kuznetsov wins face-off versus Vincent Trocheck in Flames zone.
10:09 of 3rd period - Caleb Jones is hit by Andrew Peeke and loses puck.
10:16 of 3rd period - Snap shot by Marcus Foligno.
10:16 of 3rd period - Stopped by Sergei Bobrovsky without a rebound.
10:17 of 3rd period - Joshua Norris wins face-off versus Nick Bjugstad in Flames zone.
10:54 of 3rd period - Wrist shot by Noah Gregor.
10:54 of 3rd period - Stopped by Antti Raanta without a rebound.
10:55 of 3rd period - Evgeny Kuznetsov wins face-off versus Taylor Hall in Panthers zone.
12:23 of 3rd period - Blake Lizotte is hit by Taylor Hall and loses puck.
12:51 of 3rd period - Off-side.
12:52 of 3rd period - Joshua Norris wins face-off versus Evgeny Kuznetsov in neutral zone.
13:13 of 3rd period - Mike Hoffman is hit by Victor Hedman.
13:23 of 3rd period - Marcus Foligno is hit by Trevor Moore and loses puck.
13:30 of 3rd period - Wrist shot by Trevor Moore.
13:30 of 3rd period - Shot Blocked by Marcus Foligno.
13:32 of 3rd period - Backhand shot by Drew Doughty.
13:32 of 3rd period - Stopped by Antti Raanta with a rebound.
14:28 of 3rd period - Snap shot by Evgeny Kuznetsov.
14:28 of 3rd period - Shot Blocked by Marcus Foligno.
15:36 of 3rd period - Wrist shot by Mark Jankowski.
15:36 of 3rd period - Shot Misses the Net.
16:37 of 3rd period - Patrick Brown is hit by Noah Gregor and loses puck.
17:07 of 3rd period - Pavel Zacha is hit by Garnet Hathaway and loses puck.
17:20 of 3rd period - Snap shot by Tyson Jost.
17:20 of 3rd period - Stopped by Antti Raanta with a rebound.
17:22 of 3rd period - Wrist shot by Ryan Donato.
17:22 of 3rd period - Stopped by Antti Raanta without a rebound.
17:23 of 3rd period - Blake Lizotte wins face-off versus Vincent Trocheck in Panthers zone.
17:34 of 3rd period - Slapshot by Blake Lizotte.
17:34 of 3rd period - Stopped by Antti Raanta with a rebound.
17:47 of 3rd period - Taylor Hall is hit by Tyson Jost and loses puck.
17:54 of 3rd period - Wrist shot by Blake Lizotte.
17:54 of 3rd period - Deflect By Michael Matheson.
17:54 of 3rd period - Shot Misses the Net.
17:54 of 3rd period - Puck is out of play.
17:55 of 3rd period - Evgeny Kuznetsov wins face-off versus Marcus Foligno in Panthers zone.
17:56 of 3rd period - Wrist shot by Sam Reinhart.
17:56 of 3rd period - Stopped by Antti Raanta with a rebound.
18:04 of 3rd period - Slapshot by Sam Reinhart.
18:04 of 3rd period - Shot Misses the Net.
18:35 of 3rd period - Wrist shot by Joshua Norris.
18:35 of 3rd period - Deflect By Erik Brannstrom.
18:35 of 3rd period - Shot Blocked by Brendan Smith.
18:35 of 3rd period - Puck is out of play.
18:36 of 3rd period - Blake Lizotte wins face-off versus Vincent Trocheck in Flames zone.
19:02 of 3rd period - Evgeny Kuznetsov is hit by Ross Colton and loses puck.
19:19 of 3rd period - Victor Hedman is hit by Marcus Foligno and loses puck.
19:45 of 3rd period - Icing by Drew Doughty.
19:46 of 3rd period - Vincent Trocheck wins face-off versus Ryan Donato in Flames zone.
19:59 of 3rd period - Teuvo Teravainen is hit by Evgeny Kuznetsov and loses puck.
Goals for this period are 1 for Panthers vs 0 for Flames.
Shots for this period are 5 for Panthers vs 13 for Flames.

Overtime #1


0:01 of 1st overtime period - Vincent Trocheck wins face-off versus Evgeny Kuznetsov in neutral zone.
0:31 of 1st overtime period - Snap shot by Anthony Cirelli.
0:31 of 1st overtime period - Stopped by Sergei Bobrovsky without a rebound.
0:32 of 1st overtime period - Vincent Trocheck wins face-off versus Sam Reinhart in Flames zone.
0:33 of 1st overtime period - Wrist shot by Joshua Norris.
0:33 of 1st overtime period - Shot Misses the Net.
0:58 of 1st overtime period - Taylor Hall is hit by Victor Hedman and loses puck.
1:11 of 1st overtime period - Snap shot by Anthony Beauvillier.
1:11 of 1st overtime period - Stopped by Antti Raanta without a rebound.
1:12 of 1st overtime period - Sam Reinhart wins face-off versus Vincent Trocheck in Panthers zone.
1:19 of 1st overtime period - Snap shot by Pavel Zacha.
1:19 of 1st overtime period - Shot Misses the Net.
1:27 of 1st overtime period - Sam Reinhart is hit by Vincent Trocheck and loses puck.
2:13 of 1st overtime period - Teuvo Teravainen is hit by Drew Doughty.
2:17 of 1st overtime period - Slapshot by Teuvo Teravainen.
2:17 of 1st overtime period - Stopped by Sergei Bobrovsky without a rebound.
2:18 of 1st overtime period - Sam Reinhart wins face-off versus Vincent Trocheck in Flames zone.
2:31 of 1st overtime period - Wrist shot by Pavel Zacha.
2:31 of 1st overtime period - Stopped by Antti Raanta with a rebound.
2:49 of 1st overtime period - Snap shot by Evgeny Kuznetsov.
2:49 of 1st overtime period - Shot Misses the Net.
3:23 of 1st overtime period - Snap shot by Trevor Moore.
3:23 of 1st overtime period - Stopped by Antti Raanta with a rebound.
3:52 of 1st overtime period - Icing by Marcus Foligno.
3:53 of 1st overtime period - Teuvo Teravainen wins face-off versus Sam Reinhart in Panthers zone.
3:58 of 1st overtime period - Slapshot by Tyson Barrie.
3:58 of 1st overtime period - Deflect By Joshua Norris.
3:58 of 1st overtime period - Shot Blocked by Victor Hedman.
3:58 of 1st overtime period - Puck is out of play.
3:59 of 1st overtime period - Vincent Trocheck wins face-off versus Sam Reinhart in Flames zone.
Goals for this period are 0 for Panthers vs 0 for Flames.
Shots for this period are 2 for Panthers vs 3 for Flames.

ShootOut


5:00 of 1st overtime period - Round #1.
5:00 of 1st overtime period - Panthers, Ross Colton.
5:00 of 1st overtime period - Wrist shot by Ross Colton.
5:00 of 1st overtime period - Shot Misses the Net.
5:00 of 1st overtime period - Flames, Sam Reinhart.
5:00 of 1st overtime period - Wrist shot by Sam Reinhart.
5:00 of 1st overtime period - Shot Misses the Net.
5:00 of 1st overtime period - Round #2.
5:00 of 1st overtime period - Panthers, Kevin Labanc.
5:00 of 1st overtime period - Wrist shot by Kevin Labanc.
5:00 of 1st overtime period - Shot Misses the Net.
5:00 of 1st overtime period - Flames, Trevor Moore.
5:00 of 1st overtime period - Backhand shot by Trevor Moore.
5:00 of 1st overtime period - Shot Misses the Net.
5:00 of 1st overtime period - Round #3.
5:00 of 1st overtime period - Panthers, Teuvo Teravainen.
5:00 of 1st overtime period - Snap shot by Teuvo Teravainen.
5:00 of 1st overtime period - Shot Hit the Post.
5:00 of 1st overtime period - Flames, Pavel Zacha.
5:00 of 1st overtime period - Wrist shot by Pavel Zacha.
5:00 of 1st overtime period - Shot Misses the Net.
5:00 of 1st overtime period - Round #4.
5:00 of 1st overtime period - Panthers, Anthony Cirelli.
5:00 of 1st overtime period - Backhand shot by Anthony Cirelli.
5:00 of 1st overtime period - Shot Misses the Net.
5:00 of 1st overtime period - Flames, Ben Chiarot.
5:00 of 1st overtime period - Deke by Ben Chiarot.
5:00 of 1st overtime period - Shot Hit the Post.
5:00 of 1st overtime period - Round #5.
5:00 of 1st overtime period - Panthers, Rocco Grimaldi.
5:00 of 1st overtime period - Wrist shot by Rocco Grimaldi.
5:00 of 1st overtime period - Goal by Rocco Grimaldi.
5:00 of 1st overtime period - Flames, Caleb Jones.
5:00 of 1st overtime period - Deke by Caleb Jones.
5:00 of 1st overtime period - Shot Misses the Net.